 Dungeon Crawl Stone Soup version 0.30-a0-394-g3e4acdb0ae (webtiles) character file.

Game seed: 6845614425273482558

1635 funkygono the Magician (level 8, 0/54 HPs)
             Began as a Demonspawn Fire Elementalist on Dec 6, 2022.
             Was a Follower of Vehumet.
             Slain by a fire elemental (13 damage)
             ... summoned by a deep elf pyromancer
             ... on level 6 of the Dungeon.
             The game lasted 00:10:58 (6595 turns).

funkygono the Magician (DsFE)                       Turns: 6595, Time: 00:10:58

Health: 0/54       AC:  9    Str:  8    XL:     8   Next: 66%
Magic:  7/18       EV: 16    Int: 22    God:    Vehumet [*.....]
Gold:   318        SH:  0    Dex: 13    Spells: 6/20 levels left

rFire   . . .      SeeInvis .    k - +2 whip (spect)
rCold   . . .      Faith    .    (no shield)
rNeg    . . .      Spirit   .    a - +0 robe
rPois   +          Reflect  .    c - +0 helmet
rElec   +          Harm     .    (no cloak)
rCorr   .          Rampage  .    (no gloves)
Will    +++..                    B - +5 pair of boots of Ruru {rElec rPois Will+++ Stlth-}
Stlth   +.........               (no amulet)
HPRegen 0.29/turn                u - +4 ring of evasion
MPRegen 0.16/turn                (no ring)

@: mighty
A: powered by death 2, powered by pain 1, big brain 1
a: Renounce Religion


You were on level 6 of the Dungeon.
You worshipped Vehumet.
Vehumet was aware of your devotion.
You visited 2 branches of the dungeon, and saw 7 of its levels.

You collected 318 gold pieces.

Inventory:

Hand Weapons
 e - a +0 dagger
 k - a +2 spectral whip (weapon)
 q - a +0 morningstar of protection
 v - a +5 mace
Armour
 a - a +0 robe (worn)
 c - a +0 helmet (worn)
 r - the +1 ring mail of Xafifun {Str+8 Int-3}
   (You took it off an orc on level 3 of the Dungeon)

   Str:       It affects your strength (+8).
   Int:       It affects your intelligence (-3).
 B - the +5 pair of boots of Ruru (worn) {rElec rPois Will+++ Stlth-}
   (You found it on level 5 of the Dungeon)

   rElec:     It insulates you from electricity.
   rPois:     It protects you from poison.
   Will:      It greatly increases your willpower.
   Stlth:     It makes you less stealthy.
Jewellery
 i - a ring of fire
 u - a +4 ring of evasion (left hand)
Wands
 w - a wand of digging (16)
 A - a wand of polymorph (23)
Scrolls
 g - a scroll of poison
 n - 3 scrolls of teleportation
 x - 2 scrolls of fog
 y - 2 scrolls of immolation
Potions
 b - a potion of magic
 d - 4 potions of heal wounds
 f - a potion of degeneration {unknown}
 h - 4 potions of lignification
 j - 6 potions of curing
 l - a potion of attraction {unknown}
 m - 3 potions of flight {unknown}
 o - 4 potions of might {unknown}
 p - a potion of brilliance {unknown}
 t - a potion of haste {unknown}
 z - a potion of cancellation {unknown}


   Skills:
 + Level 1.1 Fighting
 + Level 0.4 Maces & Flails
 + Level 2.5 Dodging
 - Level 1.7 Stealth
 + Level 6.9 Spellcasting
 + Level 3.9 Conjurations
 + Level 6.7 Fire Magic


You had 6 spell levels left.
You knew the following spells:

 Your Spells              Type           Power      Damage    Failure   Level
a - Foxfire               Conj/Fire      100%       2x1d9     1%          1
b - Scorch                Fire           74%        2d9       1%          2
c - Kindle Blastsparks    Fire/Tloc/Air  34%        2d12      10%         3
d - Flame Wave            Conj/Fire      31%        2d9       9%          4
e - Magic Dart            Conj           100%       1d8       1%          1
f - Stone Arrow           Conj/Erth      32%        3d9       11%         3

Your spell library contained the following spells:

 Spells                   Type           Power      Damage    Failure   Level
 Inner Flame              Hex/Fire       22%        N/A       6%          3
 Freeze                   Ice            28%        1d5       9%          1
 Sandblast                Erth           14%        2d6       9%          1
 Sticky Flame             Conj/Fire      31%        2d5       9%          4
 Hailstorm                Conj/Ice       16%        3d6       11%         3
 Passwall                 Tmut/Erth      5%         N/A       12%         2
 Frozen Ramparts          Ice            14%        1d3       26%         3
 Iskenderun's Mystic Bla  Conj/Tloc      16%        2d5       36%         4
 Iskenderun's Battlesphe  Conj           25%        2d8       41%         5
 Animate Dead             Necr           7%         N/A       63%         4
 Iron Shot                Conj/Erth      8%         9d3       99%         6
 Haunt                    Necr/Summ      3%         N/A       100%        7
 Spellforged Servitor     Conj/Summ      8%         N/A       100%        7
 Infestation              Necr           3%         N/A       100%        8
 Fire Storm               Conj/Fire      15%        8d4       100%        9


Dungeon Overview and Level Annotations

Branches:
Dungeon (6/15)             Temple (1/1) D:4

Altars:
Ashenzari
Cheibriados
Dithmenos
Fedhas
Gozag
Hepliaklqana
Kikubaaqudgha
Makhleb
Nemelex Xobeh
Okawaru
Ru
Sif Muna
Trog
Uskayaw
Vehumet
Wu Jian
Xom

Shops:
D:4 ?   D:5 [


Innate Abilities, Weirdness & Mutations

You regenerate health from kills.
You sometimes gain a little power by taking damage.
You have an unusually large brain. (Int +2)


Message History

The deep elf pyromancer hits you but does no damage.
Casting: Scorch (safe; 1% risk of failure)
Confirm with . or Enter, or press ? or * to list all spells.
Casting: Flame Wave (dangerous; 9% risk of failure)
Press: ? - help, Dir - look around, f - activate A wave of flame ripples out!
The flame wave engulfs the fire elemental.
The fire elemental completely resists.
The flame wave engulfs the deep elf pyromancer!
The deep elf pyromancer is moderately wounded. (Press . to intensify the flame waves.)
The fire elemental misses you.
The deep elf pyromancer hits you with a +0 long sword.
The fire elemental misses you.
A wave of flame ripples out!
The flame wave engulfs the fire elemental.
The fire elemental completely resists.
The flame wave engulfs the deep elf pyromancer!
The deep elf pyromancer is heavily wounded.
The flame wave engulfs the fire elemental.
The fire elemental completely resists.
The flame wave engulfs the fire elemental.
The fire elemental completely resists.
The fire elemental hits you. The fire elemental burns you!
The deep elf pyromancer barely misses you.
The fire elemental hits you. The fire elemental burns you!
* * * LOW HITPOINT WARNING * * *
You focus on the pain.
You feel very mighty all of a sudden.
A wave of flame ripples out!
The flame wave engulfs the fire elemental.
The fire elemental completely resists.
The flame wave engulfs the fire elemental.
The fire elemental completely resists.
The flame wave engulfs the deep elf pyromancer!
The deep elf pyromancer is almost dead.
The flame wave engulfs the fire elemental.
The fire elemental completely resists.
You finish channelling waves of flame.
The fire elemental hits you. The fire elemental burns you!
You die...

####..###.###..##
#..###...##
###..###.###..#########...##
................. #<.....
................. #......
######.......... #......
##.............. #......
#..###########.. #......
#............# . #....##
##........@E.# ###+###
#.8######Ee○# #.... +E.8#
#..... +.°○# #..... +8.°#
#..8### #+++# .....


You could see a deep elf pyromancer and 3 fire elementals.

Vanquished Creatures
  An ice beast (D:4)
  5 black bears
  2 ogres
  The ghost of asdu the Trooper, an amateur TeBr (D:4)
  2 bullfrogs (D:6)
  A scorpion (D:5)
  A howler monkey (D:5)
  An electric eel (D:6)
  4 hounds
  A water moccasin simulacrum (D:4)
  2 jellies
  An orc priest (D:5)
  4 iguanas
  2 orc wizards (D:5)
  A centaur simulacrum (D:4)
  3 gnolls (D:4)
  4 adders
  A hound simulacrum (D:4)
  A white imp (D:4)
  A worm (D:2)
  4 dart slugs
  An adder simulacrum (D:4)
  14 orcs
  7 bats
  9 endoplasms
  8 giant cockroaches
  3 hobgoblins
  2 jackals
  5 quokkas
  6 ball pythons
  8 frilled lizards
  4 goblins
  7 kobolds
  5 rats
122 creatures vanquished.

Vanquished Creatures (others)
  338 foxfires
  A plant (D:6)
339 creatures vanquished.

Grand Total: 461 creatures vanquished

Notes
Turn   | Place    | Note
-------+----------+-------------------------------------------
     0 | D:1      | funkygono the Demonspawn Fire Elementalist began the quest
                  | for the Orb.
     0 | D:1      | Reached XP level 1. HP: 13/13 MP: 3/3
   197 | D:1      | Gained mutation: You regenerate a little health from kills.
                  | [demonic ancestry]
   197 | D:1      | Reached XP level 2. HP: 19/19 MP: 3/5
   291 | D:1      | Learned a level 2 spell: Scorch
   629 | D:1      | Gained mutation: You have an unusually large brain. (Int
                  | +2) [demonic ancestry]
   629 | D:1      | Reached XP level 3. HP: 24/24 MP: 3/6
  1019 | D:2      | Found a hide-covered altar of Uskayaw.
  1451 | D:2      | Learned a level 3 spell: Kindle Blastsparks
  1900 | D:3      | Reached XP level 4. HP: 30/30 MP: 2/8
  2185 | D:3      | Noticed a black bear
  2195 | D:3      | Killed a black bear
  2196 | D:3      | Reached XP level 5. HP: 35/35 MP: 2/10
  2280 | D:3      | Identified the +1 ring mail of Xafifun {Str+8 Int-3}
  2665 | D:3      | Learned a level 4 spell: Flame Wave
  2751 | D:4      | Noticed a black bear
  2785 | D:3      | Killed a black bear
  2854 | D:4      | Gained mutation: You sometimes gain a little power by
                  | taking damage. [demonic ancestry]
  2854 | D:4      | Reached XP level 6. HP: 33/41 MP: 5/11
  3136 | D:4      | Found a staircase to the Ecumenical Temple.
  3141 | Temple   | Entered the Ecumenical Temple
  3150 | Temple   | Became a worshipper of Vehumet
  3773 | D:4      | Noticed asdu's ghost (amateur TeBr)
  3941 | D:4      | Found a runed translucent gate.
  3941 | D:4      | Found a runed translucent gate.
  3941 | D:4      | Found a runed translucent gate.
  4049 | D:4      | Found Zipor's Magic Scroll Boutique.
  4062 | D:4      | Got the Writings on the Quantum Blaze
  4403 | D:5      | Entered Level 5 of the Dungeon
  4512 | D:5      | Reached skill level 5 in Fire Magic
  4512 | D:5      | Reached XP level 7. HP: 47/47 MP: 9/14
  4581 | D:5      | Reached skill level 5 in Spellcasting
  5170 | D:5      | Found Deciem's Antique Armour Shop.
  5644 | D:4      | Reached * piety under Vehumet
  5644 | D:4      | Offered knowledge of Magic Dart by Vehumet.
  5646 | D:4      | Gained mutation: You regenerate health from kills. [demonic
                  | ancestry]
  5646 | D:4      | Reached XP level 8. HP: 52/53 MP: 8/16
  5736 | D:5      | Identified the +5 pair of boots of Ruru {rElec rPois
                  | Will+++ Stlth-}
  5859 | D:4      | Killed asdu's ghost
  5988 | D:4      | Learned a level 1 spell: Magic Dart
  5992 | D:4      | Learned a level 3 spell: Stone Arrow
  6056 | D:6      | Reached skill level 1 in Fighting
  6588 | D:6      | Noticed a deep elf pyromancer
  6595 | D:6      | Slain by a fire elemental

Illustrated notes

Levels and vault maps discovered:
D:1:      spicycebolla_green_bress_n_ham, layout_rooms, serial_park_tiny_2
D:2:      layout_rooms, basic_altar, serial_glass, glass_columns_c,
          glass_columns_c, feat_on_display, due_unseen_surprise,
          minmay_strange_pillars, minmay_lizard_pond
D:3:      layout_basic
D:4:      layout_basic, minmay_temple_entry_glassed_door, gammafunk_ghost_icy,
          serial_shops, shop, hangedman_abyss_or_decor_jellyfish_corner,
          grunt_ministairs_8
D:5:      layout_loops_ring, serial_shops, shop, nicolae_fountain_basement
D:6:      layout_gridville, serial_bayou_pond_b, guppyfry_early_elven_hall
Temple:   nicolae_temple_bog_church

Skill      XL: |  1  2  3  4  5  6  7  8 |
---------------+-------------------------+-----
Fire Magic     | 3 4 5 6 |  6.7
Dodging        | 2 |  2.5
Spellcasting   | 3 4 5 6 |  6.9
Conjurations   | 2 3 |  3.9
Fighting       | 1 |  1.1
Maces & Flails | |  0.4
Stealth        | |  1.7

Action                   |  1- 3 |  4- 6 |  7- 9 || total
-------------------------+-------+-------+-------++-------
Melee: Unarmed           |     4 |       |       ||     4
       Dagger            |     2 |       |       ||     2
       Whip              |    13 |    10 |    16 ||    39
 Cast: Foxfire           |    75 |    57 |    64 ||   196
       Scorch            |     6 |    23 |    14 ||    43
       Flame Wave        |       |       |     2 ||     2
       Stone Arrow       |       |       |     1 ||     1
  Use: Scroll            |     7 |     3 |     4 ||    14
Armor: Robe              |    15 |     7 |    10 ||    32
Dodge: Dodged            |    43 |    16 |    29 ||    88

Table legend: (Time is in decaauts)
 A = Elapsed time spent in this place.
 B = Non-inter-level travel time spent in this place.
 C = Inter-level travel time spent in this place.
 D = Time resting spent in this place.
 E = Time spent auto-exploring this place.
 F = Levels seen in this place.
 G = Mean time per level.
                   A        B        C        D        E       F      G
               +--------+--------+--------+--------+--------+-----+--------+
         Total |   6606 |   6449 |    157 |    366 |   5087 |   7 |  943.7 |
       Dungeon |   6414 |   6273 |    141 |    366 |   4927 |   6 | 1069.0 |
        Temple |    192 |    176 |     16 |      0 |    160 |   1 |  192.0 |
               +--------+--------+--------+--------+--------+-----+--------+

Top non-repeatable levels by time:
     D:4: 1831 daAuts
     D:5: 1196 daAuts
     D:3: 1140 daAuts
     D:1: 978 daAuts
     D:2: 725 daAuts
     D:6: 543 daAuts
  Temple: 192 daAuts
